 Dungeon Crawl Stone Soup version 0.28.0-53-g5a82cb258f (webtiles) character file.

Game seed: 2128863860406771353

55 Peloso the Covered (level 3, -3/33 HPs)
             Began as a Minotaur Fighter on Aug 19, 2022.
             Slain by Terence
             ... wielding a +0 morningstar
              (8 damage)
             ... on level 2 of the Dungeon.
             The game lasted 00:02:03 (1027 turns).

Peloso the Covered (Minotaur Fighter)               Turns: 1027, Time: 00:02:04

Health: -3/33      AC:  7    Str: 20    XL:     3   Next: 67%
Magic:  2/2        EV:  9    Int:  5    God:
Gold:   61         SH:  4    Dex: 11    Spells: 2/2 levels left

rFire   . . .      SeeInvis .   a - +0 long sword
rCold   + . .      Faith    .   c - +0 buckler
rNeg    + . .      Spirit   .   b - +0 scale mail
rPois   .          Reflect  .   (helmet restricted)
rElec   .          Harm     .   (no cloak)
rCorr   .          Rampage  .   (no gloves)
Will    .....                   (no boots)
Stlth   ..........              (no amulet)
HPRegen 0.11/turn               f - ring of protection from cold
MPRegen 0.08/turn               h - ring of positive energy

@: no status effects
A: horns 2, retaliatory headbutt
a: no special abilities


You were on level 2 of the Dungeon.
You visited 1 branch of the dungeon, and saw 2 of its levels.

You collected 61 gold pieces.

Inventory:

Hand Weapons
 a - a +0 long sword (weapon)
Armour
 b - a +0 scale mail (worn)
 c - a +0 buckler (worn)
Jewellery
 f - a ring of protection from cold (left hand)
 h - a ring of positive energy (right hand)
Scrolls
 e - a scroll of identify
Potions
 d - 2 potions of might
 g - 2 potions of magic
 i - a potion of experience {unknown}
 j - 2 potions of ambrosia {unknown}


   Skills:
 + Level 4.2 Fighting
 + Level 3.4 Long Blades
 + Level 4.3 Armour
 + Level 3.9 Shields


You had 2 spell levels left.
You didn't know any spells.
Your spell library was empty.

Dungeon Overview and Level Annotations

Branches:
Dungeon (2/15)

Altars:

Annotations:
D:2 Terence


Innate Abilities, Weirdness & Mutations

You have a pair of horns on your head.
You reflexively headbutt those who attack you in melee.


Message History

HP restored.
Items here: )))) [[[[ †††.
A ball python comes into view.
The ball python hisses angrily.
A ball python is nearby!
A ball python is nearby!
A ball python is nearby!
Terence the Incautious comes into view.
He is wielding a +0 morningstar.
Terence shouts!
The ball python barely misses you. x2
You see here a brown potion.
You closely miss the ball python.
The ball python bites you but does no damage.
You block the ball python's attack.
You slash the ball python!
You kill the ball python!
Terence completely misses you. You furiously retaliate!
You headbutt Terence, but do no damage.
You see here a brown potion.
You hit Terence but do no damage. You block Terence's attack.
You completely miss Terence. Terence completely misses you.
You barely miss Terence.
Terence hits you with a +0 morningstar! x2
You closely miss Terence. Terence barely misses you.
You slash Terence! You headbutt Terence, but do no damage.
Terence is heavily wounded.
Terence barely misses you. You furiously retaliate!
You headbutt Terence. You barely miss Terence.
Terence is severely wounded.
Terence hits you with a +0 morningstar!
* * * LOW HITPOINT WARNING * * *
Terence asks, "Do you want it fast or slow?"
Terence hits you but does no damage.
You closely miss Terence.
Terence is severely wounded.
Terence hits you with a +0 morningstar.
* * * LOW HITPOINT WARNING * * *
You barely miss Terence.
Terence is severely wounded.
Terence hits you with a +0 morningstar!
You die...

#..#..# ......#
#..##.# .....)#
#.. #.# .....##
#..##.# .......
#.....#####.....##
#..#....).........
#....########...##
#.#..@........ ##
#...!@########
###.#.# ...#.# #.#
#.# ... #.# ##.
#.# # ..# ###


You could see Terence.

Vanquished Creatures
  An adder (D:2)
  A dart slug (D:1)
  4 orcs (D:2)
  5 endoplasms
  2 giant cockroaches (D:1)
  A goblin (D:1)
  A hobgoblin (D:1)
  4 jackals (D:1)
  2 quokkas (D:1)
  3 ball pythons
  5 bats (D:1)
  2 kobolds (D:1)
  7 rats
38 creatures vanquished.

Notes
Turn   | Place    | Note
-------+----------+-------------------------------------------
     0 | D:1      | Peloso the Minotaur Fighter began the quest for the Orb.
     0 | D:1      | Reached XP level 1. HP: 19/19 MP: 0/0
   189 | D:1      | Reached XP level 2. HP: 25/27 MP: 1/1
   236 | D:1      | Found a faded altar of an unknown god.
   543 | D:1      | Reached XP level 3. HP: 33/33 MP: 2/2
  1012 | D:2      | Noticed Terence
  1027 | D:2      | Slain by Terence

Illustrated notes

Levels and vault maps discovered:
D:1:      sevenhm_arrival_forest_fort_small_4, layout_loops_ring,
          chequers_ecumenical_altar_simple_redux, chequers_arboretum,
          serial_bayou_pond_a, minivault_14, minmay_pentomino_z4
D:2:      layout_loops_ring, uniq_crazy_yiuf_cottage, uniq_robin, uniq_terence

Skill      XL: |  1  2 |
---------------+-------+-----
Fighting       | 4 |  4.2
Armour         | 4 |  4.3
Long Blades    | 3 |  3.4
Shields        | |  3.9

Action                   || total
-------------------------++-------
Melee: Long sword        ||    85
       Headbutt          ||    11
  Use: Scroll            ||     2
Armor: Scale mail        ||    47
Dodge: Dodged            ||    39
Block: Buckler           ||    18
